 Dungeon Crawl Stone Soup version 0.20-a0-556-g892c87b (webtiles) character file.

15 drasked the Firebug (level 2, -5/15 HPs)
             Began as a Deep Elf Fire Elementalist on Feb 6, 2017.
             Slain by a worm (10 damage)
             ... on level 2 of the Dungeon.
             The game lasted 00:01:04 (566 turns).

drasked the Firebug (Deep Elf Fire Elementalist)     Turns: 566, Time: 00:01:05

Health: -5/15      AC:  2    Str:  5    XL:     2   Next: 34%
Magic:  6/8        EV: 13    Int: 19    God:
Gold:   31         SH:  0    Dex: 15    Spells: 6/7 levels left

rFire    . . .     SeeInvis .   k - +0 dagger
rCold    . . .     Gourm    .   a - +0 robe
rNeg     . . .     Faith    .   (no shield)
rPois    .         Spirit   .   (no helmet)
rElec    .         Reflect  .   (no cloak)
rCorr    .         Harm     .   (no gloves)
MR       .....                  (no boots)
Stlth    ++........             (no amulet)
Regen    0.1/turn               (no ring)
                                (no ring)

@: no status effects
A: no striking features
a: no special abilities


You were on level 2 of the Dungeon.
You were not hungry.

You visited 1 branch of the dungeon, and saw 2 of its levels.

You collected 31 gold pieces.

Inventory:

Hand Weapons
 k - a +0 dagger (weapon)
   (You found it on level 1 of the Dungeon)
Armour
 a - a +0 robe (worn)
Jewellery
 d - an uncursed ring of positive energy {unknown}
   (You found it on level 1 of the Dungeon)
Scrolls
 h - a scroll of recharging {unknown}
 n - a scroll of enchant armour {unknown}
Potions
 e - 2 potions of might {unknown}
 g - a potion of haste {unknown}
 i - a potion of mutation {unknown}
 j - a potion of berserk rage {unknown}
 l - a potion of lignification {unknown}
 m - a potion of curing {unknown}
Books
 b - a book of Flames
Comestibles
 c - a bread ration {@e1}
 f - 2 meat rations {@e2}


   Skills:
 - Level 2.4 Dodging
 - Level 2.4 Stealth
 + Level 3.2 Spellcasting
 * Level 1.9 Conjurations
 + Level 3.6 Fire Magic


You had 6 spell levels left.
You knew the following spells:

 Your Spells              Type           Power        Failure   Level  Hunger
a - Flame Tongue          Conj/Fire      ##...        6%          1    None


Dungeon Overview and Level Annotations

Branches:
Dungeon (2/15)

Altars:
Nemelex Xobeh


Message History

You now have 3/6 mp.
Search for what [? for help]? dagger Wield which item (- for none, * to show all)? (? for menu, Esc to quit)
k - a +0 dagger (weapon)
You see here a hobgoblin corpse.
You open the door.
There is an open door here.
A goblin comes into view. It is wielding a dagger.
The goblin shouts!
MP restored: 6 A goblin is nearby!
A goblin is nearby!
A goblin is nearby!
The goblin misses you.
Aim: a goblin, wielding a dagger The flame tongue hits the goblin.
You kill the goblin!
You now have 5/6 mp.
You can't see any susceptible monsters within range! (Use Z to cast anyway.)
You can't see any susceptible monsters within range! (Use Z to cast anyway.)
n - a scroll labeled DAUBLO ECUITOD
Things that are here:
a dagger; a goblin corpse You open the gate.
Found an escape hatch in the floor.
There is an open gate here.
Found a sparkling altar of Nemelex Xobeh.
Found an escape hatch in the floor.
Health restored: 10; MP restored: 6
Found an escape hatch in the floor.
There is a sparkling altar of Nemelex Xobeh here.
Found an escape hatch in the floor.
You open the gate.
There is an open gate here.
A hobgoblin comes into view.
A hobgoblin is nearby!
Found 11 gold pieces.
Found a stone staircase leading down.
Aim: a hobgoblin (resting)
The flame tongue hits the hobgoblin.
You kill the hobgoblin!
You now have 5/6 mp.
You can't see any susceptible monsters within range! (Use Z to cast anyway.)
You now have 31 gold pieces (gained 11).
Done exploring.
MP restored: 6 Done exploring.
Done exploring.
Done exploring.
Done exploring.
There is a stone staircase leading down here.
You climb downwards.
There is a stone staircase leading up here.
As you open the door, it creaks loudly!
You hear an angry hiss.
An adder comes into view.
Aim: an adder The flame tongue hits the adder.
You now have 5/6 mp.
Aim: an adder (almost dead)
The flame tongue hits the adder.
You kill the adder!
You have reached level 2!
A hobgoblin comes into view. It is wielding a club.
Health restored: 15
Aim: a hobgoblin, wielding a club The flame tongue hits the hobgoblin.
The hobgoblin appears unharmed.
You now have 4/8 mp.
Aim: a hobgoblin, wielding a club The flame tongue hits the hobgoblin.
The hobgoblin hits you with a club.
A worm comes into view.
You take 3 damage, and have 12/15 hp.
You now have 3/8 mp.
Aim: a hobgoblin, wielding a club (severely wounded)
The flame tongue hits the hobgoblin.
You kill the hobgoblin!
You now have 2/8 mp.
Aim: a worm The flame tongue hits the worm.
You now have 1/8 mp.
Aim: a worm (lightly wounded)
The flame tongue hits the worm.
The worm closely misses you.
You now have 0/8 mp.
A worm comes into view.
There is a stone staircase leading up here.
You climb upwards.
There is a stone staircase leading down here.
You start resting.
Health restored: 15; MP restored: 8 You climb downwards.
The worm closely misses you.
There is a stone staircase leading up here.
Aim: a worm The flame tongue hits the worm.
You now have 7/8 mp.
Aim: a worm (heavily wounded)
The flame tongue hits the worm.
The worm bites you!
Ouch! That really hurt!
You take 10 damage, and have 5/15 hp.
MASSIVE DAMAGE!!
You now have 6/8 mp.
The worm bites you!
Ouch! That really hurt!
You die...

..#+
...#
.....
.8...
....
###w.
##.)#
#...#
#@w##
####


You could see 2 worms.

Vanquished Creatures
  An adder (D:2)
  A goblin (D:1)
  3 hobgoblins
  A rat (D:1)
6 creatures vanquished.

Notes
Turn   | Place    | Note
-------+----------+-------------------------------------------
     0 | D:1      | drasked the Deep Elf Fire Elementalist began the quest for the Orb.
     0 | D:1      | Reached XP level 1. HP: 10/10 MP: 6/6
   423 | D:1      | Found a sparkling altar of Nemelex Xobeh.
   491 | D:2      | Reached XP level 2. HP: 15/15 MP: 5/8
   566 | D:2      | Slain by a worm

Vault maps used:
D:1:      minmay_arrival_widening_spiral_wide, nemelex_altar_shiori
D:2:      grunt_ministairs_6, uniq_terence

Action                   || total
-------------------------++-------
 Cast: Flame Tongue      ||    15
Dodge: Dodged            ||     3

Vault maps used:
D:1:      minmay_arrival_widening_spiral_wide, nemelex_altar_shiori
D:2:      grunt_ministairs_6, uniq_terence

Table legend:
 A = Turns spent in this place as a percentage of turns spent in the entire game.
 B = Non-inter-level travel turns spent in this place as a percentage of non-inter-level travel turns spent in the entire game.
 C = Inter-level travel turns spent in this place as a percentage of turns spent in this place.
 D = Turns resting spent in this place as a percentage of non-inter-level travel turns spent in this place.
 E = Turns spent auto-exploring this place as a percentage of non-inter-level travel turns spent in this place.
 F = Non-inter-level travel turns spent in this place divided by the number of levels of this place that you've seen.
                   A       B       C       D       E      F
               +-------+-------+-------+-------+-------+----------------------
         Total | 100.0 | 100.0 |   0.9 |   1.9 |  25.5 |  53.0
       Dungeon | 100.0 | 100.0 |   0.9 |   1.9 |  25.5 |  53.0
               +-------+-------+-------+-------+-------+----------------------

Table legend:
 A = Kills in this place as a percentage of kills in entire the game.
 B = Kills by you in this place as a percentage of kills by you in the entire game.
 C = Kills by friends in this place as a percentage of kills by friends in the entire game.
 D = Other kills in this place as a percentage of other kills in the entire game.
 E = Experience gained in this place as a percentage of experience gained in the entire game.
 F = Experience gained in this place divided by the number of levels of this place that you have seen.
                   A       B       C       D       E      F
               +-------+-------+-------+-------+-------+----------------------
         Total | 100.0 | 100.0 |  -nan |  -nan | 100.0 |  11.0
       Dungeon | 100.0 | 100.0 |  -nan |  -nan | 100.0 |  11.0
               +-------+-------+-------+-------+-------+----------------------
